 Dungeon Crawl Stone Soup version 0.21.1-1-g345015f (webtiles) character file.

7725 VLARC the Slicer (level 11, -1/67 HPs)
             Began as a Halfling Hunter on Mar 21, 2018.
             Was a Priest of Dithmenos.
             Slain by Josephine
             ... wielding a +1 dagger of freezing
              (3 damage)
             ... on level 9 of the Dungeon.
             The game lasted 00:49:10 (16632 turns).

VLARC the Slicer (Halfling Hunter)                 Turns: 16632, Time: 00:49:12

Health: -1/67      AC:  9    Str: 16    XL:     11   Next: 42%
Magic:  11/11      EV: 11    Int:  9    God:    Dithmenos [***...]
Gold:   214        SH:  8    Dex: 19    Spells: 6/10 levels left

rFire    + + .     SeeInvis .   b - +0 rapier
rCold    . . .     Gourm    .   G - +0 shield
rNeg     . . .     Faith    .   D - +3 leather armour {rF+}
rPois    .         Spirit   .   (no helmet)
rElec    .         Reflect  .   (no cloak)
rCorr    .         Harm     .   (no gloves)
MR       .....                  c - +0 pair of boots
Stlth    ++++++....             (no amulet)
HPRegen  0.21/turn              q - ring of the Raven {rF+ Dex+3}
MPRegen  0.12/turn              h - +2 ring of protection

@: about to teleport, wreathed by umbra, heavily drained
A: small, mutation resistance 1
a: Shadow Step, Renounce Religion


You were on level 9 of the Dungeon.
You worshipped Dithmenos.
Dithmenos was most pleased with you.
You were not hungry.

You visited 2 branches of the dungeon, and saw 11 of its levels.

You collected 454 gold pieces.
You spent 240 gold pieces at shops.

Inventory:

Hand Weapons
 a - a +1 hunting sling
 b - a +0 rapier (weapon)
 l - a +0 blowgun
 s - a +2 dagger of venom
Missiles
 d - 57 sling bullets
 n - 156 stones
 p - a throwing net (quivered)
 r - 21 poisoned needles
Armour
 c - a +0 pair of boots (worn)
 D - a +3 leather armour of fire resistance (worn)
 G - a +0 shield (worn)
Jewellery
 h - a +2 ring of protection (right hand)
 o - an uncursed ring of magical power
 q - the ring of the Raven (left hand) {rF+ Dex+3}
   (You found it on level 2 of the Dungeon)

   [ring of protection from fire]

   It affects your dexterity (+3).
   It protects you from fire.
 A - a +5 ring of dexterity
 B - an uncursed ring of protection from fire
Wands
 e - a wand of polymorph (8)
 F - a wand of digging (17)
 I - a wand of iceblast (6)
Scrolls
 g - 2 scrolls of remove curse
 m - 2 scrolls of amnesia
 t - 2 scrolls of enchant weapon
 v - a scroll of identify
 x - 2 scrolls of torment
 E - a scroll of enchant armour
Potions
 j - 2 potions of magic
 k - 3 potions of brilliance
 w - a potion of flight
 z - 2 potions of mutation
Books
 u - a book of Callings

   Spells                             Type                      Level
   a - Summon Small Mammal            Summoning                    1
   b - Call Imp                       Summoning                    2
   c - Call Canine Familiar           Summoning                    3
   d - Summon Guardian Golem          Hexes/Summoning              3
   e - Summon Lightning Spire         Summoning/Air                4
   f - Summon Ice Beast               Ice/Summoning                4
 y - a book of Cantrips

   Spells                             Type                      Level
   a - Confusing Touch                Hexes                        1
   b - Animate Skeleton               Necromancy                   1
   c - Summon Small Mammal            Summoning                    1
   d - Apportation                    Translocation                1
Comestibles
 f - 7 rations


   Skills:
 - Level 3.0(1.8) Fighting
 - Level 12.3(10.8) Short Blades
 - Level 12.0(11.4) Slings
 + Level 5.6(6.6) Throwing
 - Level 3.0(1.9) Dodging
 - Level 10.2(8.8) Stealth


You had 6 spell levels left.
You knew the following spells:

 Your Spells              Type           Power        Failure   Level  Hunger
a - Apportation           Tloc           #.....       98%         1    ##.....
b - Call Canine Familiar  Summ           #.......     100%        3    ####...


Dungeon Overview and Level Annotations

Branches:
Dungeon (10/15)            Temple (1/1) D:4
   Lair: D:8-11         Orc: D:9-12

Altars:
Ashenzari
Cheibriados
Dithmenos
Elyvilon
Fedhas
Gozag
Hepliaklqana
Kikubaaqudgha
Makhleb
Nemelex Xobeh
Okawaru
Qazlal
Ru
Sif Muna
Trog
Uskayaw
Vehumet
Wu Jian
Xom
Yredelemnul
Zin
The Shining One

Shops:
D:4 }

Annotations:
D:5 1 exclusion
D:8 Mirai's ghost, novice MiFi
D:9 Josephine


Innate Abilities, Weirdness & Mutations

You are small and have problems with some larger weapons.
You are somewhat resistant to further mutation.


Message History

You block Josephine's attack.
Okay, then.
You barely miss Josephine.
Josephine is lightly wounded.
You hit Josephine but do no damage.
Josephine is lightly wounded.
Josephine grins evilly.
Josephine barely misses you.
You closely miss Josephine.
Josephine is lightly wounded.
Josephine casts a spell at you.
The ghostly flame explodes!
The ghostly fireball engulfs you!
You feel drained.
* * * LOW HITPOINT WARNING * * *
The ghostly fireball engulfs Josephine.
Josephine completely resists.
As you read the scroll of teleportation, it crumbles to dust.
You feel strangely unstable.
Josephine hits you with a dagger of freezing.
* * * LOW HITPOINT WARNING * * *
Josephine freezes you.
You die...

...............)...# #........
...................# ###.#####.#
...................# #....###...
...##.########.#.#)####.....)....
...##.####<#.....#...##....##..##
...##....#.#.#...#.....)...##....
...##......#.....#.#...).......##
...###...#####...#...#...###.....
#### #########..@###.#.......####
#........@...............#
#.#####.........##........
###........(......##.####...
#.รท...###.#########.......##
#.................#.........
#.....###.#######.#.........
#.....###.# #.#.........
#.........# #.####'##...


You could see Josephine.

Vanquished Creatures
  3 two-headed ogres
  A troll (D:8)
  A spriggan (D:8)
  3 wraiths
  A wyvern (D:9)
  3 yaks
  A hungry ghost (D:9)
  Menkaure (D:2)
  A soldier ant (D:9)
  A water moccasin (D:8)
  2 orc warriors (D:8)
  2 ice beasts (D:5)
  3 sky beasts (D:7)
  A necrophage (D:2)
  3 ogres
  A phantom (D:9)
  2 centaurs (D:6)
  3 bullfrogs
  2 big kobolds (D:8)
  A gnoll sergeant (D:8)
  A water moccasin zombie (D:8)
  2 earth elementals (D:9)
  A scorpion (D:9)
  9 wights
  3 howler monkeys
  2 crimson imps
  4 hounds
  3 bullfrog zombies
  A centaur zombie (D:9)
  An orc priest (D:5)
  13 orc wizards
  A bullfrog skeleton (D:4)
  6 worker ants
  A killer bee zombie (D:7)
  A hound skeleton (D:4)
  2 worker ant zombies
  7 gnolls
  9 adders
  6 shadow imps
  4 adder skeletons
  3 worms
  6 leopard geckos
  30 orcs
  A giant cockroach (D:8)
  4 goblins
  5 hobgoblins
  7 jackals
  14 kobolds
  2 quokkas
  3 ball pythons
  4 bats
  4 frilled lizards
  A giant cockroach zombie (D:5)
  2 jackal skeletons (D:4)
  A leopard gecko skeleton (D:2)
  3 quokka skeletons
  13 rats
216 creatures vanquished.

Vanquished Creatures (collateral kills)
  A sea snake (D:8)
  An ogre (D:6)
  A jelly (D:6)
  A worker ant (D:6)
4 creatures vanquished.

Grand Total: 220 creatures vanquished

Notes
Turn   | Place    | Note
-------+----------+-------------------------------------------
     0 | D:1      | VLARC the Halfling Hunter began the quest for the Orb.
     0 | D:1      | Reached XP level 1. HP: 14/14 MP: 1/1
   233 | D:1      | Reached XP level 2. HP: 15/19 MP: 2/2
  1230 | D:2      | Found a transporter.
  1234 | D:2      | Found a transporter.
  1234 | D:2      | Found a basalt altar of Yredelemnul.
  1238 | D:2      | Noticed Menkaure
  1242 | D:2      | Noticed a necrophage
  1244 | D:2      | Found an ancient bone altar of Kikubaaqudgha.
  1286 | D:2      | Reached XP level 3. HP: 21/24 MP: 3/3
  1418 | D:2      | Reached skill level 1 in Short Blades
  1598 | D:2      | Reached XP level 4. HP: 29/29 MP: 4/4
  1825 | D:3      | Found a sacrificial altar of Ru.
  1839 | D:3      | Found a glowing silver altar of Zin.
  2358 | D:3      | Found a deep blue altar of Sif Muna.
  2437 | D:4      | Reached XP level 5. HP: 35/35 MP: 5/5
  2781 | D:4      | Found a staircase to the Ecumenical Temple.
  2799 | Temple   | Entered the Ecumenical Temple
  2954 | D:4      | Found Qutoppoxt's Gadget Boutique.
  3272 | D:4      | Found a hazy altar of Hepliaklqana.
  3312 | D:4      | Found a sparkling altar of Nemelex Xobeh.
  3520 | D:4      | Reached XP level 6. HP: 35/41 MP: 6/6
  3857 | D:5      | Entered Level 5 of the Dungeon
  3872 | D:5      | Noticed an ice beast
  4685 | D:5      | Reached XP level 7. HP: 46/46 MP: 7/7
  4814 | D:5      | Found a bloodstained altar of Trog.
  4841 | D:5      | Found an opulent altar of Gozag.
  4959 | D:5      | Found a shadowy altar of Dithmenos.
  4967 | D:5      | Became a worshipper of Dithmenos the Shadowed
  5404 | D:5      | Reached skill level 5 in Stealth
  5511 | D:5      | Reached XP level 8. HP: 41/52 MP: 8/8
  5777 | D:5      | Reached skill level 5 in Short Blades
  6078 | D:5      | Learned a level 1 spell: Apportation
  6134 | D:5      | Identified Sif Muna's Handbook of Retrieval (You found it on level 5 of the Dungeon)
  7079 | D:4      | Bought a box of beasts for 240 gold pieces
  7924 | D:6      | Found a blossoming altar of Fedhas.
  7928 | D:6      | Found a stormy altar of Qazlal.
  8071 | D:6      | Reached * piety under Dithmenos
  8396 | D:7      | Reached skill level 10 in Slings
  8396 | D:7      | Reached XP level 9. HP: 56/56 MP: 9/9
  9778 | D:8      | Noticed a two-headed ogre
  9821 | D:8      | Noticed a sea snake
  9821 | D:8      | a two-headed ogre changed into a sea snake
  9840 | D:8      | HP: 2/84 [sea snake (6)]
  9841 | D:8      | Killed a sea snake
 10290 | D:8      | Noticed a two-headed ogre
 10732 | D:8      | Noticed Mirai's ghost (novice MiFi)
 10855 | D:9      | Reached XP level 10. HP: 52/63 MP: 10/10
 10922 | D:9      | Noticed a two-headed ogre
 11528 | D:8      | Reached ** piety under Dithmenos
 11681 | D:8      | Found a bloodstained altar of Trog.
 11796 | D:9      | Noticed a two-headed ogre
 11971 | D:7      | Killed a two-headed ogre
 11971 | D:7      | Reached skill level 10 in Stealth
 12177 | D:8      | Reached skill level 10 in Short Blades
 12478 | D:8      | Learned a level 3 spell: Call Canine Familiar
 13552 | D:8      | Killed a two-headed ogre
 13552 | D:8      | Reached XP level 11. HP: 12/67 MP: 11/11
 14256 | D:9      | Killed a two-headed ogre
 14397 | D:9      | Found a shattered altar of Ashenzari.
 14880 | D:10     | Entered Level 10 of the Dungeon
 14922 | D:10     | Noticed Josephine
 15369 | D:2      | Killed Menkaure
 15371 | D:2      | Reached *** piety under Dithmenos
 15406 | D:2      | Got a glittering platinum ring
 15412 | D:2      | Identified the ring of the Raven {rF+ Dex+3} (You found it on level 2 of the Dungeon)
 15542 | D:8      | Reached skill level 5 in Throwing
 16632 | D:9      | HP: 2/67 [Josephine/dagger of freezing (6)]
 16632 | D:9      | Slain by Josephine

Skill      XL: |  1  2  3  4  5  6  7  8  9 10 11 |
---------------+----------------------------------+-----
Fighting       | 2 3 |  3.0
Slings         | 6 7 8 10 11 12 | 12.0
Short Blades   | 1 2 3 4 6 8 11 12 | 12.3
Stealth        | 2 3 4 5 6 8 10 | 10.2
Dodging        | 3 |  3.0
Throwing       | 5 |  5.6

Action                   |  1- 3 |  4- 6 |  7- 9 | 10-12 || total
-------------------------+-------+-------+-------+-------++-------
Melee: Short sword       |    97 |   167 |    39 |       ||   303
       Rapier            |       |       |   252 |   347 ||   599
 Fire: Hunting sling     |    22 |   120 |   227 |   215 ||   584
       Blowgun           |       |       |       |    86 ||    86
 Cast: Apportation       |       |       |     1 |       ||     1
Evoke: Box of beasts     |       |       |     3 |       ||     3
       Wand              |       |       |     2 |     1 ||     3
  Use: Scroll            |       |    15 |     5 |     4 ||    24
       Potion            |       |       |     5 |     3 ||     8
 Stab: Sleeping          |     3 |     3 |     4 |     8 ||    18
       Distracted        |       |       |     2 |       ||     2
  Eat: Chunk             |     2 |     7 |     7 |    16 ||    32
       Ration            |       |     1 |     3 |     2 ||     6
Armor: Leather armour    |    41 |    34 |    70 |    64 ||   209
       Skin              |       |       |     3 |     9 ||    12
Dodge: Dodged            |    99 |   154 |   264 |   187 ||   704
Block: Shield            |       |       |       |    72 ||    72
